 Dungeon Crawl Stone Soup version 0.24.0-13-gcf9b319 (webtiles) character file.

Game seed: 13391805638481064484, levelgen mode: deterministic

122 Darlock the Shield-Bearer (level 5, -9/33 HPs)
             Began as a Gargoyle Fighter on Dec 19, 2019.
             Mangled by an ogre
             ... wielding a cursed +0 giant spiked club
              (17 damage)
             ... on level 4 of the Dungeon.
             The game lasted 00:06:46 (1349 turns).

Darlock the Shield-Bearer (Gargoyle Fighter)        Turns: 1349, Time: 00:06:47

Health: -9/33      AC: 11    Str: 20    XL:     5   Next: 6%
Magic:  5/5        EV:  9    Int:  8    God:
Gold:   61         SH: 11    Dex: 10    Spells: 4/4 levels left

rFire    . . .     SeeInvis .   m - +0 dagger (venom)
rCold    . . .     Gourm    .   e - +2 shield
rNeg     + . .     Faith    .   o - +3 leather armour
rPois    ∞         Spirit   .   (no helmet)
rElec    +         Reflect  .   h - +0 cloak
rCorr    .         Harm     .   (no gloves)
MR       .....                  (no boots)
Stlth    +.........             (no amulet)
HPRegen  0.11/turn              (no ring)
MPRegen  0.09/turn              (no ring)

@: no status effects
A: negative energy resistance 1, electricity resistance, unbreathing,
petrification resistance, rot immunity, AC +4
a: no special abilities


You were on level 4 of the Dungeon.
You were not hungry.

You visited 1 branch of the dungeon, and saw 3 of its levels.

You collected 61 gold pieces.

Inventory:

Hand Weapons
 a - a +0 flail
 m - a +0 dagger of venom (weapon)
Missiles
 p - 2 javelins (quivered)
Armour
 b - a +0 scale mail
 c - a +0 shield
 e - a +2 shield (worn)
 h - a +0 cloak (worn)
 j - a +0 pair of boots
 o - a +3 leather armour (worn)
Scrolls
 g - 4 scrolls of identify {unknown}
 i - a scroll of teleportation {unknown}
 l - a scroll of fog {unknown}
Potions
 d - 3 potions of might
 k - a potion of resistance {unknown}
 n - a potion of heal wounds {unknown}
Comestibles
 f - 4 rations


   Skills:
 + Level 3.7 Fighting
 + Level 0.6 Short Blades
 + Level 2.7 Maces & Flails
 + Level 4.1 Armour
 + Level 0.5 Dodging
 + Level 4.4 Shields


You had 4 spell levels left.
You didn't know any spells.
Your spell library was empty.

Dungeon Overview and Level Annotations

Branches:
Dungeon (2/15)

Altars:


Innate Abilities, Weirdness & Mutations

You are resistant to torment.
Your stone body is resilient. (AC +4)
You are immune to poison.
You resist negative energy. (rN+)
You are resistant to electric shocks. (rElec)
You can survive without breathing.
You are immune to petrification.
You are immune to rotting.


Message History

The hound is almost dead.
You block the hound's attack.
You barely miss the hound.
The hound is almost dead.
The hound bites you but does no damage. You block the hound's attack.
You closely miss the hound.
The hound is almost dead.
You kill the hound!
You have reached level 5!
You barely miss the ogre.
The ogre hits you with a cursed +0 giant spiked club!
You barely miss the ogre.
The ogre hits you with a cursed +0 giant spiked club!
* * * LOW HITPOINT WARNING * * *
You barely miss the ogre. You hit the ogre.
The ogre is poisoned.
The ogre is lightly wounded.
The ogre hits you with a cursed +0 giant spiked club!
Ouch! That really hurt!
You die...

. #. #.. ..##
#.. #.#####>###
##O.......#
##.@.#
###.#....#
........†#
####...>......#
##......#....
##.###.# .# ..
... #.. .###
#.. #


You could see an ogre.

Vanquished Creatures
  A hound (D:4)
  3 adders
  An ooze (D:1)
  2 worms (D:2)
  3 dart slugs (D:1)
  A leopard gecko (D:1)
  2 ball pythons (D:2)
  5 bats
  2 giant cockroaches (D:1)
  7 hobgoblins
  4 jackals (D:2)
  2 frilled lizards (D:2)
  5 goblins (D:1)
  6 kobolds (D:1)
  4 rats
48 creatures vanquished.

Notes
Turn   | Place    | Note
-------+----------+-------------------------------------------
     0 | D:1      | Darlock the Gargoyle Fighter began the quest for the Orb.
     0 | D:1      | Reached XP level 1. HP: 14/14 MP: 1/1
   148 | D:1      | Reached XP level 2. HP: 18/19 MP: 2/2
   423 | D:1      | Reached XP level 3. HP: 23/24 MP: 3/3
  1057 | D:2      | Reached XP level 4. HP: 26/29 MP: 4/4
  1321 | D:2      | You fall into a shaft and drop 2 floors!
  1338 | D:4      | Noticed an ogre
  1345 | D:4      | Reached XP level 5. HP: 30/33 MP: 5/5
  1349 | D:4      | Mangled by an ogre

Levels and vault maps discovered:
D:1:      psy_arrival_radial01, layout_loops_cross, serial_bayou_ford_a
D:2:      layout_loops_ring
D:4:      cheibrodos_greedy_goblins, layout_loops_ring,
          cheibrodos_sewer_entry_bend

Skill      XL: |  1  2  3  4 |
---------------+-------------+-----
Shields        | 4 |  4.4
Armour         | 4 |  4.1
Fighting       | |  3.7
Short Blades   | |  0.6
Maces & Flails | |  2.7
Dodging        | |  0.5

Action                   |  1- 3 |  4- 6 || total
-------------------------+-------+-------++-------
Melee: Flail             |    95 |       ||    95
       Dagger            |    31 |    82 ||   113
  Eat: Chunk             |     1 |     1 ||     2
Armor: Scale mail        |    71 |    52 ||   123
       Leather armour    |       |    11 ||    11
Dodge: Dodged            |    49 |    24 ||    73
Block: Shield            |   101 |    74 ||   175
